AoeStats
← AVCI

Arabia

508057867Analyzed
3v3 RM · 13d ago on Sep 20, 2026· 33m 56s· 6 players
Game mode
Random Map
Map size
Normal (6 player)
Population
200
Speed
Normal
Resources
Standard
Victory
Conquest
Starting age
Dark Age
Ending age
Imperial Age
RankedLock teamsTeams togetherTeam positionsShared explorationLock speedFull tech treeHidden civsTurbo modeCheats
Victory
Defeat
🇹🇷 Lithuanians · Türkiye
1574
+13
🇹🇷 Ethiopians · Türkiye
1442
+20
🇹🇷 Bohemians · Türkiye
1441
+19
🇧🇪 Muisca · Belgium
1545
-19
🇹🇼 Japanese · Taiwan
1495
-17
🇨🇭 Franks · Switzerland
1476
-16
AVCI
6:38 Loom
9:18 Feudal Age
9:53 Double-Bit Axe
10:02 Horse Collar
15:47 Scale Barding Armor
24:13 Castle Age
23:23 Forging
23:37 Bloodlines
25:26 Chain Barding Armor
26:12 Wheelbarrow
25:50 Bow Saw
26:27 Husbandry
27:38 Iron Casting
Kean
7:20 Loom
10:20 Feudal Age
10:57 Feudal Age
15:46 Castle Age
15:22 Double-Bit Axe
18:06 Fervor
20:21 Wheelbarrow
19:45 Horse Collar
25:44 Devotion
27:18 Bow Saw
27:55 Town Watch
29:17 Heavy Plow
31:02 Chemistry
30:21 Treadmill Crane
31:44 Chemistry
33:14 Murder Holes
34:53 Ballistics
The_ropztr
7:03 Loom
9:49 Feudal Age
13:39 Fletching
14:39 Double-Bit Axe
17:41 Padded Archer Armor
23:20 Castle Age
22:16 Gold Mining
23:25 Crossbowman
24:01 Bodkin Arrow
25:07 Ballistics
26:11 Leather Archer Armor
30:25 Bow Saw
29:56 Horse Collar
31:19 Thumb Ring
F1NBLOO
6:29 Loom
8:54 Feudal Age
9:56 Double-Bit Axe
14:17 Wheelbarrow
20:19 Castle Age
19:06 Scale Barding Armor
19:21 Gold Mining
20:19 Forging
20:25 Light Cavalry
22:00 Bow Saw
22:25 Husbandry
27:13 Chain Barding Armor
Kilian
9:00 Feudal Age
9:01 Loom
11:23 Fletching
18:03 Castle Age
17:41 Double-Bit Axe
19:34 Redemption
20:39 Fervor
24:18 Scale Mail Armor
24:28 Forging
24:39 Herbal Medicine
26:23 Horse Collar
28:10 Sanctity
No_English
2:37 Loom
10:18 Feudal Age
11:21 Double-Bit Axe
12:06 Fletching
12:38 Horse Collar
15:24 Padded Archer Armor
21:59 Wheelbarrow
27:13 Castle Age
28:22 Bow Saw
29:17 Heavy Plow
29:41 Town Watch
31:22 Elite Skirmisher
32:48 Bodkin Arrow
Connection lost

Rejoining the realm…

Still unreachable

The connection could not be restored.

Session expired

The server has moved on; the page needs a fresh start.